 Dungeon Crawl Stone Soup version 0.31.0-11-ge490571c62 (webtiles) character file.

Game seed: 134668055538868307

26246 qw the Spry (level 12, -12/61 HPs)
             Began as a Spriggan Hunter on Feb 3, 2024.
             Was a High Priest of Okawaru.
             Engulfed by a fire crab's flame (23 damage)
             ... on level 4 of the Lair of Beasts.
             The game lasted 00:03:36 (11654 turns).

qw the Spry (Spriggan Hunter)                      Turns: 11654, Time: 00:03:36

Health: -12/61     AC:  6    Str: 13    XL:     12   Next: 96%
Magic:  17/19      EV: 38    Int:  6    God:    Okawaru [*****.]
Gold:   1078       SH:  0    Dex: 23    Spells: 11/11 levels left

rFire   . . .        l - +0 orcbow (freeze)
rCold   . . .        (shield currently unavailable)
rNeg    + . .        j - +0 robe {rN+}
rPois   .            c - +1 hat {Will+}
rElec   +            a - +2 cloak of Submission {rElec Will- Str+6 Int-5}
rCorr   .            (gloves unavailable)
SInv    +            (boots unavailable)
Will    ++...        b - amulet of faith
Stlth   ++           o - +5 ring of evasion
HPRegen 0.30/turn    (no ring)
MPRegen 0.16/turn

%: faith
@: about to teleport, finesse-ful, very quick
A: very small, no large weapons, unfitting armour, see invisible, speed 3
a: Renounce Religion, Heroism, Finesse, Duel


You were on level 4 of the Lair of Beasts.
You worshipped Okawaru.
Okawaru was extremely pleased with you.
You visited 3 branches of the dungeon, and saw 14 of its levels.
You also visited: Sewer.

You collected 1132 gold pieces.
You spent 54 gold pieces at shops.


Innate Abilities, Weirdness & Mutations

You are very small and have problems with some larger weapons.
You are too small for most types of armour.
You have supernaturally acute eyesight. (SInv)
You cover ground extremely quickly. (Speed+++)


   Skills:
 - Level 6.0 Fighting
 + Level 15.2 Ranged Weapons
 - Level 1.1 Armour
 - Level 16.0 Dodging
 - Level 1.5 Stealth
 + Level 8.4 Invocations


You had 11 spell levels left.
You didn't know any spells.
Your spell library was empty.

Inventory:

Hand Weapons
 l - a +0 orcbow of freezing (weapon)
Armour
 a - the +2 cloak of Submission (worn) {rElec Will- Str+6 Int-5}
   (You acquired it on level 9 of the Dungeon)

   Str+6:     It affects your strength (+6).
   Int-5:     It affects your intelligence (-5).
   rElec:     It insulates you from electricity.
   Will-:     It decreases your willpower.
 c - a +1 hat of willpower (worn)
 j - a +0 robe of positive energy (worn)
 m - a +2 hat
Jewellery
 b - an amulet of faith (around neck)
 o - a +5 ring of evasion (left hand)
Wands
 k - a wand of roots (3)
 p - a wand of mindburst (9)
Scrolls
 e - 2 scrolls of teleportation
Potions
 d - a potion of resistance
 f - 5 potions of enlightenment
 g - 3 potions of mutation
 h - 3 potions of might
 n - 4 potions of curing

Dungeon Overview and Level Annotations

Branches:
Dungeon (9/15)             Temple (1/1) D:4            Lair (4/5) D:8
 Shoals (0/4) Lair:3       Spider (0/4) Lair:2        Sewer (visited)
  Slime: Lair:4-5       Orc: D:9-12

Altars:
Ashenzari
Cheibriados
Dithmenos
Elyvilon
Fedhas
Gozag
Hepliaklqana
Kikubaaqudgha
Makhleb
Nemelex Xobeh
Okawaru
Qazlal
Ru
Sif Muna
Trog
Uskayaw
Vehumet
Wu Jian
Xom
Zin
The Shining One

Shops:
D:6 *

Annotations:
D:6 1 runed translucent door, qw's ghost, novice DEHu
D:7 2 transporters, qw's ghost, novice DjHu


Message History

The arrow closely misses the black mamba.
You shoot an arrow. The arrow hits the black mamba.
The black mamba seems to slow down.
The arrow freezes the black mamba.
The black mamba is lightly wounded.
You shoot an arrow.
The arrow closely misses the black mamba.
You shoot an arrow. The arrow hits the black mamba!
The black mamba seems to slow down.
The arrow freezes the black mamba.
The black mamba is severely wounded.
You shoot an arrow. The arrow hits the black mamba!
The black mamba seems to slow down.
The arrow freezes the black mamba.
The black mamba is almost dead.
You shoot an arrow.
The arrow closely misses the black mamba.
You shoot an arrow. The arrow hits the black mamba!
The black mamba seems to slow down.
The arrow freezes the black mamba.
You kill the black mamba!
Okawaru accepts your kill.
You shoot an arrow.
The arrow closely misses the blink frog.
You shoot an arrow. The arrow hits the blink frog!!
The arrow freezes the blink frog.
You kill the blink frog!
Okawaru accepts your kill. The fire crab breathes flames at you.
You shoot an arrow. The arrow hits the fire crab.
The arrow freezes the fire crab.
The fire crab is lightly wounded.
You are engulfed in blazing flames.
You shoot an arrow. The arrow hits the fire crab!
The arrow freezes the fire crab.
The fire crab is heavily wounded.
You are engulfed in blazing flames.
You shoot an arrow. The arrow barely misses the fire crab.
You are engulfed in blazing flames.
11654 ||| READING 3 scrolls of teleportation.
As you read the scroll of teleportation, it crumbles to dust.
You feel strangely unstable.
You are engulfed in blazing flames.
You die...

.#.#..
.......
.......#+##
..........##
...........
..?..!....#
t....t.00<#
.....00000##
........00@#
.......000##
.......0.0#
..........#
#P###..####
# ###


You could see a fire crab.

Vanquished Creatures
  Gastronok (Lair:1)
  Nessos (Lair:3)
  3 hydras (Lair:3)
  Pikel (D:7)
  A cyclops (D:9)
  A meliai (D:8)
  2 black mambas
  A water nymph (Lair:3)
  A torpor snail (Lair:3)
  Joseph (D:7)
  4 cane toads
  4 komodo dragons (Lair:2)
  A rime drake (Lair:2)
  2 trolls
  A merfolk (Lair:3)
  3 polar bears (Lair:3)
  A hornet (D:9)
  12 blink frogs
  6 dream sheep (Lair:3)
  2 jumping spiders (Lair:2)
  2 culicivoras (Lair:2)
  A slime creature (D:8)
  28 yaks
  3 wyverns
  A basilisk (Lair:4)
  Menkaure (D:7)
  9 water moccasins
  3 ice beasts
  A laughing skull (D:8)
  3 black bears
  3 ogres
  6 orc warriors
  4 boggarts (Lair:3)
  7 wolves
  4 centaurs
  A lemure (D:7)
  2 kobold brigands
  11 bullfrogs
  3 scorpions
  11 wights
  17 killer bees
  3 howler monkeys
  A bombardier beetle (D:6)
  A jelly (D:6)
  4 orc priests
  A gnoll bouda (D:9)
  3 hounds (D:4)
  2 sleepcaps (D:6)
  4 iguanas
  9 orc wizards
  7 hell rats
  Natasha (twice) (D:4)
  Robin (D:4)
  12 gnolls
  A river rat (Sewer)
  9 adders
  2 white imps (D:7)
  A dart slug (D:4)
  2 ribbon worms
  36 orcs
  7 ball pythons
  2 endoplasms
  3 giant cockroaches
  11 goblins
  11 hobgoblins
  15 jackals
  19 kobolds
  A quokka (D:2)
  2 bats
  A frilled lizard (D:3)
  8 rats
351 creatures vanquished.

Notes
Turn   | Place    | Note
-------+----------+-------------------------------------------
     0 | D:1      | qw the Spriggan Hunter began the quest for the Orb.
     0 | D:1      | Reached XP level 1. HP: 10/10 MP: 2/2
     0 | D:1      | 0 ||| qw: Version: 0.3-a-155-g5e7d8dd
     0 | D:1      | 0 ||| qw: Game counter: 3088
     0 | D:1      | 0 ||| qw: Melee chars always use a shield: true
     0 | D:1      | 0 ||| qw: God list: Okawaru
     0 | D:1      | 0 ||| qw: Allow faded altars: false
     0 | D:1      | 0 ||| qw: Do Orc after clearing Dungeon:15 true
     0 | D:1      | 0 ||| qw: Do second Lair branch before Depths: true
     0 | D:1      | 0 ||| qw: Lair rune preference: random
     0 | D:1      | 0 ||| qw: Goals: Normal
     0 | D:1      | 0 ||| PLANNING D:1-11
    85 | D:1      | Reached skill level 3 in Dodging
   614 | D:1      | 614 ||| READING scroll labelled CEUCULUAPP.
   618 | D:1      | 618 ||| READING 2 scrolls labelled HAOKEN FOERUL.
   618 | D:1      | 618 ||| IDENTIFYING coppery potion
   619 | D:1      | 619 ||| READING scroll of identify.
   619 | D:1      | 619 ||| IDENTIFYING brown potion
   620 | D:1      | 620 ||| READING 3 scrolls labelled SUELOZX FUBOT.
   621 | D:1      | 621 ||| READING scroll labelled MOJURGHA JACAM.
   621 | D:1      | 621 ||| BRANDING +0 shortbow.
   622 | D:1      | 622 ||| DROPPING scroll of butterflies.
   623 | D:1      | 623 ||| DROPPING 2 scrolls of amnesia.
   655 | D:2      | Reached XP level 2. HP: 14/14 MP: 3/3
   713 | D:2      | Reached skill level 4 in Dodging
   725 | D:2      | Reached XP level 3. HP: 8/18 MP: 4/4
   725 | D:2      | 725 ||| FLEEEEING.
   758 | D:2      | 758 ||| FLEEEEING.
  1118 | D:2      | Found a faded altar of an unknown god.
  1136 | D:2      | 1136 ||| READING scroll labelled FEOPPIMENU.
  1237 | D:2      | 1237 ||| DRINKING 2 murky blue potions.
  1276 | D:3      | 1276 ||| STAIRDANCE
  1281 | D:2      | Reached XP level 4. HP: 12/22 MP: 5/5
  1561 | D:3      | Reached skill level 5 in Dodging
  1563 | D:3      | 1563 ||| FLEEEEING.
  1564 | D:3      | 1564 ||| FLEEEEING.
  1565 | D:3      | 1565 ||| FLEEEEING.
  1566 | D:3      | 1566 ||| FLEEEEING.
  1567 | D:3      | 1567 ||| FLEEEEING.
  1568 | D:3      | 1568 ||| FLEEEEING.
  1571 | D:3      | 1571 ||| FLEEEEING.
  1572 | D:3      | 1572 ||| FLEEEEING.
  1573 | D:3      | 1573 ||| FLEEEEING.
  1746 | D:3      | Found a bloodstained altar of Trog.
  1849 | D:3      | Noticed an ogre
  1856 | D:3      | Killed an ogre
  1857 | D:3      | Reached skill level 6 in Ranged Weapons
  1857 | D:3      | Reached XP level 5. HP: 26/26 MP: 6/6
  2098 | D:3      | 2098 ||| UPGRADING to +0 cloak.
  2103 | D:3      | 2103 ||| READING scroll labelled VYNLEGOTEI.
  2105 | D:3      | 2105 ||| Stepping ~*~*~tactically~*~*~ (cloud).
  2186 | D:4      | Noticed Natasha
  2191 | D:4      | Killed Natasha
  2231 | D:4      | Identified the +6 sling of Invincibility {heavy, Dex+4}
  2233 | D:4      | 2233 ||| SWAPPING to +6 sling of Invincibility {heavy,
                  | Dex+4}.
  2234 | D:4      | 2234 ||| DROPPING +0 shortbow of draining.
  2264 | D:4      | Found a staircase to the Ecumenical Temple.
  2265 | D:4      | 2265 ||| PLANNING TEMPLE
  2265 | D:4      | 2265 ||| READING scroll of identify.
  2265 | D:4      | 2265 ||| IDENTIFYING bubbling cyan potion
  2266 | D:4      | 2266 ||| DRINKING 2 green potions.
  2272 | Temple   | Entered the Ecumenical Temple
  2273 | Temple   | 2273 ||| PLANNING D:1-11
  2332 | D:4      | Reached XP level 6. HP: 29/30 MP: 7/7
  2401 | D:4      | Reached skill level 6 in Dodging
  2436 | D:4      | Noticed Natasha
  2440 | D:4      | Killed Natasha
  2446 | D:4      | Found a shimmering altar of Xom.
  2573 | D:4      | Noticed Robin
  2579 | D:4      | Killed Robin
  2580 | D:4      | Reached skill level 7 in Dodging
  2596 | D:4      | 2596 ||| RETREEEEATING.
  2597 | D:4      | 2597 ||| RETREEEEATING.
  2598 | D:4      | 2598 ||| RETREEEEATING.
  2599 | D:4      | 2599 ||| DRINKING potion of haste.
  2605 | D:4      | Reached XP level 7. HP: 12/35 MP: 8/8
  2771 | D:4      | 2771 ||| READING scroll of identify.
  2771 | D:4      | 2771 ||| IDENTIFYING scroll labelled MEXKEE LEFOU
  2772 | D:4      | 2772 ||| DROPPING scroll of fear.
  2799 | D:5      | Entered Level 5 of the Dungeon
  2800 | D:5      | 2800 ||| PLANNING SEWER
  2807 | D:5      | Found a burning altar of Makhleb.
  2860 | D:5      | Identified the +6 rapier of Okeumujo {drain, rElec rC+++
                  | Dex-5 Stlth+}
  2869 | D:5      | Found a white marble altar of Elyvilon.
  3009 | D:5      | Found a glowing drain.
  3010 | D:5      | 3010 ||| UPGRADING to amulet of faith.
  3019 | Sewer    | Entered a sewer
  3100 | Sewer    | 3100 ||| READING 2 scrolls of identify.
  3100 | Sewer    | 3100 ||| IDENTIFYING sedimented dark potion
  3101 | Sewer    | 3101 ||| READING scroll of identify.
  3101 | Sewer    | 3101 ||| IDENTIFYING bubbling dark potion
  3102 | Sewer    | 3102 ||| READING scroll labelled UCYNOZ XIZUUMM.
  3103 | Sewer    | 3103 ||| DROPPING potion of lignification.
  3111 | D:5      | 3111 ||| PLANNING D:1-11
  3250 | D:5      | 3250 ||| RETREEEEATING.
  3253 | D:5      | 3253 ||| DRINKING potion of haste.
  3263 | D:5      | Reached skill level 8 in Dodging
  3358 | D:5      | Found a sparkling altar of Nemelex Xobeh.
  3364 | D:5      | Found a snail-covered altar of Cheibriados.
  3369 | D:5      | Found a glowing golden altar of the Shining One.
  3681 | D:6      | Found Tijarosk's Elemental Accessories.
  3690 | D:6      | 3690 ||| BUYING wand of flame (6) (54 gold).
  3690 | D:6      | Bought a wand of flame (6) for 54 gold pieces
  3700 | D:6      | Reached XP level 8. HP: 39/39 MP: 9/9
  3703 | D:6      | Found a runed translucent door.
  3785 | D:6      | Reached skill level 9 in Dodging
  3837 | D:6      | Found an opulent altar of Gozag.
  3899 | D:6      | Reached skill level 3 in Fighting
  4302 | D:6      | Noticed qw's ghost (novice DEHu)
  4303 | D:6      | 4303 ||| READING scroll of identify.
  4303 | D:6      | 4303 ||| IDENTIFYING scroll labelled BEGEWNIREV
  4304 | D:6      | 4304 ||| DROPPING scroll of immolation.
  4345 | D:7      | Noticed a boulder beetle
  4347 | D:7      | Found a transporter.
  4356 | D:7      | Noticed qw's ghost (novice DjHu)
  4358 | D:7      | Noticed Joseph
  4359 | D:7      | 4359 ||| RETREEEEATING.
  4362 | D:7      | 4362 ||| RETREEEEATING.
  4365 | D:7      | HP: 7/40 [wyvern (12)]
  4366 | D:7      | 4366 ||| READING 3 scrolls of teleportation.
  4368 | D:7      | Reached skill level 9 in Ranged Weapons
  4532 | D:7      | 4532 ||| RETREEEEATING.
  4533 | D:7      | Noticed Pikel
  4534 | D:7      | 4534 ||| RETREEEEATING.
  4546 | D:7      | Killed Pikel
  4547 | D:7      | Reached skill level 10 in Dodging
  4547 | D:7      | Reached XP level 9. HP: 31/44 MP: 10/10
  4574 | D:7      | Noticed Menkaure
  4576 | D:7      | Killed Menkaure
  4577 | D:7      | Reached skill level 11 in Dodging
  4713 | D:7      | Found a transporter.
  4729 | D:7      | 4729 ||| RETREEEEATING.
  4730 | D:7      | 4730 ||| RETREEEEATING.
  4731 | D:7      | 4731 ||| RETREEEEATING.
  4732 | D:7      | 4732 ||| RETREEEEATING.
  4733 | D:7      | 4733 ||| RETREEEEATING.
  4734 | D:7      | 4734 ||| RETREEEEATING.
  4735 | D:7      | 4735 ||| RETREEEEATING.
  4736 | D:7      | 4736 ||| RETREEEEATING.
  4737 | D:7      | 4737 ||| RETREEEEATING.
  4809 | D:7      | 4809 ||| UPGRADING to +0 robe of positive energy.
  4819 | D:7      | 4819 ||| DROPPING +0 robe.
  4820 | D:7      | 4820 ||| DROPPING wand of flame (6).
  4841 | D:7      | Killed Joseph
  4853 | D:7      | 4853 ||| FLEEEEING.
  5098 | D:7      | Reached skill level 12 in Dodging
  5302 | D:7      | Identified the +2 ring mail "Boegrija" {Dex+6}
  5386 | D:7      | 5386 ||| READING 2 scrolls of identify.
  5386 | D:7      | 5386 ||| IDENTIFYING sapphire potion
  5387 | D:7      | 5387 ||| READING scroll of identify.
  5387 | D:7      | 5387 ||| IDENTIFYING smoky grey potion
  5388 | D:7      | 5388 ||| DRINKING 2 metallic cyan potions.
  5389 | D:7      | 5389 ||| FLEEEEING.
  5390 | D:7      | 5390 ||| FLEEEEING.
  5391 | D:7      | 5391 ||| FLEEEEING.
  5392 | D:7      | 5392 ||| FLEEEEING.
  5393 | D:7      | 5393 ||| FLEEEEING.
  5394 | D:7      | 5394 ||| FLEEEEING.
  5395 | D:7      | 5395 ||| FLEEEEING.
  5396 | D:7      | 5396 ||| FLEEEEING.
  5397 | D:7      | 5397 ||| FLEEEEING.
  5398 | D:7      | 5398 ||| FLEEEEING.
  5399 | D:7      | 5399 ||| FLEEEEING.
  5400 | D:7      | 5400 ||| FLEEEEING.
  5401 | D:7      | 5401 ||| FLEEEEING.
  5402 | D:7      | 5402 ||| FLEEEEING.
  5403 | D:7      | 5403 ||| FLEEEEING.
  5404 | D:7      | 5404 ||| FLEEEEING.
  5405 | D:7      | 5405 ||| FLEEEEING.
  5406 | D:7      | 5406 ||| FLEEEEING.
  5407 | D:7      | 5407 ||| FLEEEEING.
  5408 | D:7      | 5408 ||| FLEEEEING.
  5409 | D:7      | 5409 ||| FLEEEEING.
  5410 | D:7      | 5410 ||| FLEEEEING.
  5411 | D:7      | 5411 ||| FLEEEEING.
  5412 | D:7      | 5412 ||| FLEEEEING.
  5413 | D:7      | 5413 ||| FLEEEEING.
  5414 | D:7      | 5414 ||| FLEEEEING.
  5415 | D:7      | 5415 ||| FLEEEEING.
  5416 | D:7      | 5416 ||| FLEEEEING.
  5417 | D:7      | 5417 ||| FLEEEEING.
  5418 | D:7      | 5418 ||| FLEEEEING.
  5419 | D:7      | 5419 ||| FLEEEEING.
  5420 | D:7      | 5420 ||| FLEEEEING.
  5421 | D:7      | 5421 ||| FLEEEEING.
  5422 | D:7      | 5422 ||| FLEEEEING.
  5423 | D:7      | 5423 ||| FLEEEEING.
  5424 | D:7      | 5424 ||| FLEEEEING.
  5425 | D:7      | 5425 ||| FLEEEEING.
  5426 | D:7      | 5426 ||| FLEEEEING.
  5427 | D:7      | 5427 ||| FLEEEEING.
  5428 | D:7      | 5428 ||| FLEEEEING.
  5429 | D:7      | 5429 ||| FLEEEEING.
  5430 | D:7      | 5430 ||| FLEEEEING.
  5431 | D:7      | 5431 ||| FLEEEEING.
  5432 | D:7      | 5432 ||| FLEEEEING.
  5433 | D:7      | 5433 ||| FLEEEEING.
  5434 | D:7      | 5434 ||| FLEEEEING.
  5435 | D:7      | 5435 ||| FLEEEEING.
  5436 | D:7      | 5436 ||| FLEEEEING.
  5437 | D:7      | 5437 ||| FLEEEEING.
  5438 | D:7      | 5438 ||| FLEEEEING.
  5439 | D:7      | 5439 ||| STAIRDANCE
  5441 | D:6      | 5441 ||| FLEEEEING.
  5442 | D:6      | 5442 ||| FLEEEEING.
  5443 | D:6      | 5443 ||| FLEEEEING.
  5444 | D:6      | 5444 ||| FLEEEEING.
  5445 | D:6      | 5445 ||| FLEEEEING.
  5446 | D:6      | 5446 ||| FLEEEEING.
  5447 | D:6      | 5447 ||| FLEEEEING.
  5448 | D:6      | 5448 ||| FLEEEEING.
  5449 | D:6      | 5449 ||| FLEEEEING.
  5450 | D:6      | 5450 ||| FLEEEEING.
  5451 | D:6      | 5451 ||| FLEEEEING.
  5452 | D:6      | 5452 ||| FLEEEEING.
  5453 | D:6      | 5453 ||| FLEEEEING.
  5454 | D:6      | 5454 ||| FLEEEEING.
  5455 | D:6      | 5455 ||| DROPPING potion of attraction.
  5456 | D:6      | 5456 ||| DROPPING potion of brilliance.
  5457 | D:6      | 5457 ||| DROPPING potion of berserk rage.
  5527 | D:8      | Found a staircase to the Lair.
  5527 | D:8      | Found a hide-covered altar of Uskayaw.
  5532 | D:8      | 5532 ||| RETREEEEATING.
  5534 | D:8      | 5534 ||| RETREEEEATING.
  5536 | D:8      | 5536 ||| RETREEEEATING.
  5538 | D:8      | 5538 ||| RETREEEEATING.
  5539 | D:8      | 5539 ||| RETREEEEATING.
  5540 | D:8      | 5540 ||| RETREEEEATING.
  5541 | D:8      | 5541 ||| RETREEEEATING.
  5780 | D:8      | 5780 ||| RETREEEEATING.
  5782 | D:8      | 5782 ||| RETREEEEATING.
  5791 | D:8      | Reached XP level 10. HP: 51/51 MP: 11/11
  5986 | D:8      | Reached skill level 13 in Dodging
  6092 | D:8      | 6092 ||| RETREEEEATING.
  6103 | D:8      | Noticed a meliai
  6111 | D:8      | Killed a meliai
  6116 | D:8      | Reached skill level 12 in Ranged Weapons
  6127 | D:8      | 6127 ||| FLEEEEING.
  6128 | D:8      | 6128 ||| FLEEEEING.
  6129 | D:8      | 6129 ||| FLEEEEING.
  6130 | D:8      | 6130 ||| FLEEEEING.
  6131 | D:8      | 6131 ||| FLEEEEING.
  6132 | D:8      | 6132 ||| FLEEEEING.
  6133 | D:8      | 6133 ||| FLEEEEING.
  6134 | D:8      | 6134 ||| FLEEEEING.
  6135 | D:8      | 6135 ||| FLEEEEING.
  6136 | D:8      | 6136 ||| FLEEEEING.
  6137 | D:8      | 6137 ||| FLEEEEING.
  6139 | D:8      | 6139 ||| FLEEEEING.
  6140 | D:8      | 6140 ||| FLEEEEING.
  6141 | D:8      | 6141 ||| FLEEEEING.
  6142 | D:8      | 6142 ||| FLEEEEING.
  6143 | D:8      | 6143 ||| FLEEEEING.
  6144 | D:8      | 6144 ||| FLEEEEING.
  6145 | D:8      | 6145 ||| FLEEEEING.
  6146 | D:8      | 6146 ||| FLEEEEING.
  6147 | D:8      | 6147 ||| FLEEEEING.
  6148 | D:8      | 6148 ||| FLEEEEING.
  6429 | D:8      | 6429 ||| SWAPPING to +0 orcbow.
  6530 | D:8      | 6530 ||| DROPPING +6 sling of Invincibility {heavy, Dex+4}.
  6531 | D:8      | 6531 ||| READING scroll of brand weapon.
  6531 | D:8      | 6531 ||| BRANDING +0 orcbow.
  6760 | D:8      | 6760 ||| FLEEEEING.
  6883 | D:8      | 6883 ||| READING scroll of identify.
  6883 | D:8      | 6883 ||| IDENTIFYING scroll labelled ADECEE PUMM
  6884 | D:8      | 6884 ||| READING scroll labelled BIENAN QI KEZ.
  6957 | D:8      | 6957 ||| DROPPING scroll of revelation.
  7011 | D:9      | 7011 ||| RETREEEEATING.
  7045 | D:9      | Reached XP level 11. HP: 25/55 MP: 12/12
  7341 | D:9      | Reached skill level 14 in Dodging
  7363 | D:9      | Found an iron altar of Okawaru.
  7364 | D:9      | 7364 ||| PLANNING OKAWARU WORSHIP
  7364 | D:9      | 7364 ||| READING scroll of identify.
  7364 | D:9      | 7364 ||| IDENTIFYING fuming blue potion
  7365 | D:9      | 7365 ||| DROPPING potion of magic.
  7370 | D:9      | Became a worshipper of Warmaster Okawaru
  7371 | D:9      | 7371 ||| PLANNING D:1-11
  7401 | D:9      | 7401 ||| RETREEEEATING.
  7439 | D:9      | 7439 ||| FLEEEEING.
  7440 | D:9      | 7440 ||| FLEEEEING.
  7441 | D:9      | 7441 ||| FLEEEEING.
  7442 | D:9      | 7442 ||| FLEEEEING.
  7443 | D:9      | 7443 ||| FLEEEEING.
  7444 | D:9      | 7444 ||| FLEEEEING.
  7445 | D:9      | 7445 ||| FLEEEEING.
  7446 | D:9      | 7446 ||| FLEEEEING.
  7447 | D:9      | 7447 ||| FLEEEEING.
  7448 | D:9      | 7448 ||| FLEEEEING.
  7452 | D:9      | 7452 ||| FLEEEEING.
  7453 | D:9      | 7453 ||| FLEEEEING.
  7454 | D:9      | 7454 ||| FLEEEEING.
  7456 | D:9      | 7456 ||| FLEEEEING.
  7457 | D:9      | 7457 ||| FLEEEEING.
  7458 | D:9      | 7458 ||| FLEEEEING.
  7459 | D:9      | 7459 ||| FLEEEEING.
  7460 | D:9      | 7460 ||| FLEEEEING.
  7461 | D:9      | 7461 ||| FLEEEEING.
  7462 | D:9      | 7462 ||| FLEEEEING.
  7463 | D:9      | 7463 ||| FLEEEEING.
  7464 | D:9      | 7464 ||| FLEEEEING.
  7465 | D:9      | 7465 ||| FLEEEEING.
  7469 | D:9      | 7469 ||| FLEEEEING.
  7472 | D:9      | 7472 ||| FLEEEEING.
  7473 | D:9      | 7473 ||| FLEEEEING.
  7474 | D:9      | 7474 ||| FLEEEEING.
  7475 | D:9      | 7475 ||| FLEEEEING.
  7476 | D:9      | 7476 ||| FLEEEEING.
  7478 | D:9      | 7478 ||| FLEEEEING.
  7479 | D:9      | 7479 ||| FLEEEEING.
  7480 | D:9      | 7480 ||| FLEEEEING.
  7481 | D:9      | 7481 ||| FLEEEEING.
  7482 | D:9      | 7482 ||| FLEEEEING.
  7483 | D:9      | 7483 ||| FLEEEEING.
  7486 | D:9      | 7486 ||| FLEEEEING.
  7487 | D:9      | 7487 ||| FLEEEEING.
  7488 | D:9      | 7488 ||| FLEEEEING.
  7492 | D:9      | 7492 ||| FLEEEEING.
  7493 | D:9      | 7493 ||| FLEEEEING.
  7713 | D:9      | 7713 ||| FLEEEEING.
  7720 | D:9      | 7720 ||| FLEEEEING.
  7721 | D:9      | 7721 ||| FLEEEEING.
  7722 | D:9      | 7722 ||| FLEEEEING.
  7724 | D:9      | 7724 ||| FLEEEEING.
  7725 | D:9      | 7725 ||| FLEEEEING.
  7726 | D:9      | 7726 ||| FLEEEEING.
  7727 | D:9      | 7727 ||| FLEEEEING.
  7728 | D:9      | 7728 ||| FLEEEEING.
  7729 | D:9      | 7729 ||| FLEEEEING.
  7730 | D:9      | 7730 ||| FLEEEEING.
  7734 | D:9      | 7734 ||| FLEEEEING.
  7735 | D:9      | 7735 ||| FLEEEEING.
  7736 | D:9      | 7736 ||| FLEEEEING.
  7737 | D:9      | 7737 ||| FLEEEEING.
  7738 | D:9      | 7738 ||| FLEEEEING.
  7741 | D:9      | 7741 ||| FLEEEEING.
  7742 | D:9      | 7742 ||| FLEEEEING.
  7743 | D:9      | 7743 ||| FLEEEEING.
  7779 | D:9      | Reached * piety under Okawaru
  7846 | D:9      | 7846 ||| PLANNING LAIR
  7846 | D:9      | 7846 ||| READING scroll labelled CIUDIU HEPU.
  7846 | D:9      | Identified a scroll of acquirement
  7846 | D:9      | 7846 ||| ACQUIRING +2 cloak of Submission {rElec Will-
                  | Str+6 Int-5}
  7846 | D:9      | Acquired the +2 cloak of Submission {rElec Will- Str+6
                  | Int-5}
  7848 | D:9      | 7848 ||| UPGRADING to +2 cloak of Submission {rElec Will-
                  | Str+6 Int-5}.
  7858 | D:9      | 7858 ||| DROPPING +0 cloak.
  7894 | Lair:1   | Entered Level 1 of the Lair of Beasts
  7919 | Lair:1   | Reached skill level 1 in Invocations
  8012 | Lair:1   | Noticed Gastronok
  8013 | Lair:1   | 8013 ||| INVOKING Heroism.
  8029 | Lair:1   | 8029 ||| INVOKING Heroism.
  8031 | Lair:1   | Killed Gastronok
  8031 | Lair:1   | Reached ** piety under Okawaru
  8032 | Lair:1   | Reached skill level 3 in Invocations
  8161 | Lair:1   | 8161 ||| RETREEEEATING.
  8162 | Lair:1   | 8162 ||| RETREEEEATING.
  8163 | Lair:1   | 8163 ||| RETREEEEATING.
  8164 | Lair:1   | 8164 ||| RETREEEEATING.
  8165 | Lair:1   | 8165 ||| RETREEEEATING.
  8166 | Lair:1   | 8166 ||| RETREEEEATING.
  8167 | Lair:1   | 8167 ||| RETREEEEATING.
  8168 | Lair:1   | 8168 ||| RETREEEEATING.
  8169 | Lair:1   | 8169 ||| RETREEEEATING.
  8170 | Lair:1   | 8170 ||| RETREEEEATING.
  8171 | Lair:1   | 8171 ||| RETREEEEATING.
  8173 | Lair:1   | 8173 ||| RETREEEEATING.
  8174 | Lair:1   | 8174 ||| RETREEEEATING.
  8175 | Lair:1   | 8175 ||| RETREEEEATING.
  8240 | Lair:1   | 8240 ||| RETREEEEATING.
  8375 | Lair:1   | 8375 ||| RETREEEEATING.
  8377 | Lair:1   | 8377 ||| RETREEEEATING.
  8379 | Lair:1   | 8379 ||| RETREEEEATING.
  8381 | Lair:1   | 8381 ||| RETREEEEATING.
  8385 | Lair:1   | 8385 ||| RETREEEEATING.
  8387 | Lair:1   | 8387 ||| RETREEEEATING.
  8388 | Lair:1   | 8388 ||| RETREEEEATING.
  8389 | Lair:1   | 8389 ||| RETREEEEATING.
  8390 | Lair:1   | 8390 ||| RETREEEEATING.
  8391 | Lair:1   | 8391 ||| RETREEEEATING.
  8393 | Lair:1   | 8393 ||| INVOKING Heroism.
  8415 | Lair:1   | Reached skill level 6 in Fighting
  8521 | Lair:1   | Reached *** piety under Okawaru
  8809 | Lair:1   | 8809 ||| UPGRADING to +1 hat of willpower.
  8957 | Lair:2   | 8957 ||| RETREEEEATING.
  8981 | Lair:2   | Reached skill level 15 in Dodging
  9047 | Lair:2   | Reached **** piety under Okawaru
  9073 | Lair:2   | Reached XP level 12. HP: 61/61 MP: 16/16
  9280 | Lair:2   | Found a hole to the Spider Nest.
  9446 | Lair:2   | 9446 ||| READING scroll of brand weapon.
  9446 | Lair:2   | 9446 ||| BRANDING +0 orcbow of draining.
  9848 | Lair:2   | 9848 ||| READING 2 scrolls of identify.
  9848 | Lair:2   | 9848 ||| IDENTIFYING white potion
  9849 | Lair:2   | 9849 ||| DROPPING potion of invisibility.
  9862 | Lair:3   | Noticed Nessos
  9863 | Lair:3   | 9863 ||| STAIRDANCE
  9934 | Lair:3   | 9934 ||| INVOKING Finesse.
  9935 | Lair:3   | 9935 ||| INVOKING Finesse.
  9943 | Lair:3   | Killed Nessos
 10015 | Lair:3   | Noticed a five-headed hydra
 10016 | Lair:3   | 10016 ||| INVOKING Finesse.
 10017 | Lair:3   | 10017 ||| INVOKING Finesse.
 10025 | Lair:3   | Killed a five-headed hydra
 10117 | Lair:3   | 10117 ||| RETREEEEATING.
 10118 | Lair:3   | 10118 ||| RETREEEEATING.
 10127 | Lair:3   | 10127 ||| RETREEEEATING.
 10137 | Lair:3   | Reached skill level 6 in Invocations
 10248 | Lair:3   | Reached skill level 15 in Ranged Weapons
 10255 | Lair:3   | 10255 ||| RETREEEEATING.
 10256 | Lair:3   | 10256 ||| RETREEEEATING.
 10257 | Lair:3   | 10257 ||| RETREEEEATING.
 10258 | Lair:3   | 10258 ||| RETREEEEATING.
 10259 | Lair:3   | 10259 ||| RETREEEEATING.
 10260 | Lair:3   | 10260 ||| RETREEEEATING.
 10261 | Lair:3   | 10261 ||| RETREEEEATING.
 10262 | Lair:3   | 10262 ||| RETREEEEATING.
 10263 | Lair:3   | 10263 ||| RETREEEEATING.
 10269 | Lair:3   | 10269 ||| INVOKING Finesse.
 10282 | Lair:3   | Reached skill level 1 in Armour
 10359 | Lair:3   | 10359 ||| RETREEEEATING.
 10360 | Lair:3   | 10360 ||| RETREEEEATING.
 10361 | Lair:3   | 10361 ||| RETREEEEATING.
 10362 | Lair:3   | 10362 ||| RETREEEEATING.
 10363 | Lair:3   | 10363 ||| RETREEEEATING.
 10364 | Lair:3   | 10364 ||| RETREEEEATING.
 10368 | Lair:3   | 10368 ||| RETREEEEATING.
 10383 | Lair:3   | 10383 ||| RETREEEEATING.
 10384 | Lair:3   | 10384 ||| RETREEEEATING.
 10385 | Lair:3   | 10385 ||| RETREEEEATING.
 10386 | Lair:3   | 10386 ||| RETREEEEATING.
 10387 | Lair:3   | 10387 ||| RETREEEEATING.
 10388 | Lair:3   | 10388 ||| RETREEEEATING.
 10389 | Lair:3   | 10389 ||| RETREEEEATING.
 10405 | Lair:3   | 10405 ||| INVOKING Finesse.
 10425 | Lair:3   | 10425 ||| INVOKING Heroism.
 10586 | Lair:3   | 10586 ||| INVOKING Finesse.
 10649 | Lair:3   | Noticed an eight-headed hydra
 10650 | Lair:3   | 10650 ||| INVOKING Finesse.
 10655 | Lair:3   | Killed an eight-headed hydra
 10676 | Lair:3   | Noticed a five-headed hydra
 10686 | Lair:3   | Killed a five-headed hydra
 10727 | Lair:3   | 10727 ||| FLEEEEING.
 10836 | Lair:3   | Found a staircase to the Shoals.
 10857 | Lair:3   | 10857 ||| READING scroll of acquirement.
 10857 | Lair:3   | 10857 ||| ACQUIRING 391 gold pieces
 10857 | Lair:3   | Acquired 391 gold pieces
 10884 | Lair:3   | Reached ***** piety under Okawaru
 10889 | Lair:3   | 10889 ||| RETREEEEATING.
 10890 | Lair:3   | 10890 ||| RETREEEEATING.
 10916 | Lair:3   | 10916 ||| INVOKING Finesse.
 10917 | Lair:3   | 10917 ||| INVOKING Heroism.
 10923 | Lair:3   | Reached skill level 16 in Dodging
 11577 | Lair:3   | 11577 ||| UPGRADING to +5 ring of evasion.
 11578 | Lair:3   | 11578 ||| READING scroll of identify.
 11578 | Lair:3   | 11578 ||| IDENTIFYING scroll labelled OMARCH FIMUUGG
 11579 | Lair:3   | 11579 ||| DROPPING scroll of summoning.
 11599 | Lair:4   | 11599 ||| RETREEEEATING.
 11600 | Lair:4   | 11600 ||| RETREEEEATING.
 11601 | Lair:4   | 11601 ||| RETREEEEATING.
 11602 | Lair:4   | 11602 ||| RETREEEEATING.
 11603 | Lair:4   | 11603 ||| RETREEEEATING.
 11604 | Lair:4   | 11604 ||| INVOKING Finesse.
 11653 | Lair:4   | HP: 11/61 [fire crab] (12)]
 11654 | Lair:4   | 11654 ||| READING 3 scrolls of teleportation.
 11654 | Lair:4   | Engulfed by a fire crab's flame

Levels and vault maps discovered:
D:1:      roderic_crop_circles_arrival_small, layout_loops_ring
D:2:      layout_rooms, shapermc_ecumenical_altar_mp_vishouse
D:3:      layout_loops_ring, mainiacjoe_overflow_paths
D:4:      layout_rooms, mainiacjoe_overflow_brackets, minmay_temple_entry_fiery,
          uniq_natasha, uniq_robin
D:5:      layout_loops_ring, lemuel_doored_altar, general_overflow_altar,
          minmay_overflow_temple_star_quad,
          mainiacjoe_sewer_entry_somewhere_in_here_1
D:6:      layout_loops_ring, old_standard_altar, ebering_ghost_sewer_d,
          nicolae_elemental_shop, grunt_ministairs_14
D:7:      layout_loops_cross, gammafunk_ghost_arena,
          chequers_serial_rivers_small_a, uniq_joseph, uniq_pikel, uniq_menkaure
D:8:      wad_statue_garden, layout_basic,
          nicolae_uskayaw_murder_on_the_dancefloor, kennysheep_minor_cross
D:9:      layout_basic, okawaru_gym_becter
Temple:   nicolae_temple_bog_church
Lair:1:   layout_chaotic_city, uniq_gastronok
Lair:2:   layout_concentric_octagons, nicolae_spider_entry_tight_spaces,
          grunt_megastairs_5
Lair:3:   layout_regular_city, nicolae_shoals_entry_flooding,
          kilobyte_rumbling_trees, lemuel_fruit_tree, uniq_nessos
Lair:4:   layout_roguey, dpeg_slime_entry_corner, gammafunk_ghost_arena

Skill      XL: |  1  2  3  4  5  6  7  8  9 10 11 12 |
---------------+-------------------------------------+-----
Dodging        | 3 4 5 7 8 10 12 13 15 16 | 16.0
Ranged Weapons | 6 7 9 10 13 14 15 | 15.2
Fighting       | 2 3 4 5 6 |  6.0
Invocations    | 4 8 |  8.4
Armour         | 1 |  1.1
Stealth        | |  1.5

Action                     |  1- 3 |  4- 6 |  7- 9 | 10-12 || total
---------------------------+-------+-------+-------+-------++-------
   Fire: Shortbow          |    57 |    95 |       |       ||   152
         Sling             |       |    49 |   236 |   119 ||   404
         Orcbow            |       |       |       |   803 ||   803
 Invoke: Heroism           |       |       |       |     5 ||     5
         Finesse           |       |       |       |     8 ||     8
    Use: Scroll            |     6 |     2 |     8 |    10 ||    26
         Potion            |     1 |     2 |     2 |       ||     5
 Armour: Robe              |     9 |    22 |    35 |    89 ||   155
  Dodge: Dodged            |    22 |    98 |   192 |   489 ||   801

Table legend:
 A = Non-vault XP
 B = Vault XP
 C = Vault XP percentage of total XP
 D = Non-vault monster count
 E = Vault monster count
 F = Vault count percentage of total count
                 A         B        C        D         E       F
            +---------+---------+-------+---------+---------+-------
      Total |   27903 |    9592 |  25.6 |     294 |      56 |  16.0
            +---------+---------+-------+---------+---------+-------
        D:1 |      10 |       0 |   0.0 |       6 |       0 |   0.0
        D:2 |      74 |       0 |   0.0 |      22 |       0 |   0.0
        D:3 |     244 |       0 |   0.0 |      40 |       0 |   0.0
        D:4 |     355 |      69 |  16.3 |      14 |      13 |  48.1
        D:5 |     503 |      36 |   6.7 |      19 |       1 |   5.0
        D:6 |     635 |     164 |  20.5 |      13 |       2 |  13.3
        D:7 |    1282 |    1227 |  48.9 |      23 |       3 |  11.5
        D:8 |    2858 |    2328 |  44.9 |      47 |      14 |  23.0
        D:9 |    3876 |       0 |   0.0 |      34 |       0 |   0.0
     Lair:1 |    4033 |    1554 |  27.8 |      27 |       1 |   3.6
     Lair:2 |    3466 |    1211 |  25.9 |      13 |       6 |  31.6
     Lair:3 |    8466 |    2951 |  25.8 |      29 |      10 |  25.6
     Lair:4 |    2101 |       0 |   0.0 |       7 |       0 |   0.0
      Sewer |       0 |      52 | 100.0 |       0 |       6 | 100.0
            +---------+---------+-------+---------+---------+-------
